3AA
OTTAWA NATIONALS @ VIRGINIA BEACH DEUCES
08/11/2024
 
TOP OF THE 1ST
Ottawa Nationals batting - Pitching for Virginia Beach Deuces : RHP Carlos Garza
Pitching: RHP Carlos Garza
Batting: RHB Michael Peterson 0-0: Ball
1-0: Ball
2-0: Ball
3-0: Called Strike
3-1: Foul Ball, location: 2F
3-2: DOUBLE (Line Drive, 9LM)
Batting: RHB Howard Fewell 0-0: Foul Ball, location: 2F
0-1: Ground out 1-3 (Groundball, 13S)
Michael Peterson to third
Batting: RHB Jesús Soto 0-0: Called Strike
0-1: Called Strike
0-2: Foul Ball, location: 2F
0-2: Ball
1-2: Ball
2-2: Fly out, F9 (Flyball, 9LM)
Runner from 3rd tags up, SCORES, no throw
Batting: RHB EP Weston 0-0: Ball
1-0: Fly out, F8 (Flyball, 8RD)
Top of the 1st over - 1 run(s), 1 hit(s), 0 error(s), 0 left on base; Ottawa 1 - Virginia Beach 0
BOTTOM OF THE 1ST
Virginia Beach Deuces batting - Pitching for Ottawa Nationals : RHP António Fabián
Pitching: RHP António Fabián
Batting: SHB Luis Manuel Flores 0-0: Called Strike
0-1: Ball
1-1: Ball
2-1: Ball
3-1: Fly out, F5 (Popup, 5L)
Batting: RHB José Ramírez 0-0: Ball
1-0: Called Strike
1-1: Swinging Strike
1-2: Ball
2-2: Ball
3-2: Strikes out swinging
Batting: SHB Javier Gonzáles 0-0: Ball
1-0: Called Strike
1-1: Foul Ball, location: 2F
1-2: Strikes out swinging
Bottom of the 1st over - 0 run(s), 0 hit(s), 0 error(s), 0 left on base; Ottawa 1 - Virginia Beach 0
TOP OF THE 2ND
Ottawa Nationals batting - Pitching for Virginia Beach Deuces : RHP Carlos Garza
Batting: RHB Dan Holliday 0-0: Ball
1-0: Ball
2-0: Swinging Strike
2-1: Fly out, F7 (Flyball, 78XD)
Batting: RHB Paddy Hodnett 0-0: Ball
1-0: Foul Ball, location: 2F
1-1: Foul Ball, location: 2F
1-2: Foul Ball, location: 2F
1-2: Ball
2-2: Ball
3-2: Ground out 1-3 (Groundball, 23)
Batting: RHB Felipe Gonzáles 0-0: Fly out, F8 (Flyball, 8LS)
Top of the 2nd over - 0 run(s), 0 hit(s), 0 error(s), 0 left on base; Ottawa 1 - Virginia Beach 0
BOTTOM OF THE 2ND
Virginia Beach Deuces batting - Pitching for Ottawa Nationals : RHP António Fabián
Batting: RHB Lorenzo Ramírez 0-0: Ground out 5-3 (Groundball, 5)
Batting: RHB Luis Jelarde 0-0: DOUBLE (Flyball, 7LD)
Batting: LHB Curt Wilson 0-0: Ball
1-0: Swinging Strike
1-1: Swinging Strike
1-2: Ball
2-2: Strikes out swinging
Batting: RHB Zander Bailey 0-0: Ball
1-0: Ball
2-0: Ball
3-0: Base on Balls
Batting: LHB Errol Levick 0-0: Ball
1-0: Called Strike
1-1: Ground out 4-3 (Groundball, 34)
Bottom of the 2nd over - 0 run(s), 1 hit(s), 0 error(s), 2 left on base; Ottawa 1 - Virginia Beach 0
TOP OF THE 3RD
Ottawa Nationals batting - Pitching for Virginia Beach Deuces : RHP Carlos Garza
Batting: RHB Dan Curtis 0-0: Ball
1-0: Ball
2-0: Ground out 4-3 (Groundball, 4M)
Batting: LHB Javier Hernández 0-0: Swinging Strike
0-1: Foul Ball, location: 2F
0-2: Foul Ball, location: 2F
0-2: DOUBLE (Line Drive, 9LS)
Batting: RHB Michael Peterson 0-0: Ball
1-0: Called Strike
1-1: Foul Ball, location: 2F
1-2: Ground out 6-3 (Groundball, 6M)
Javier Hernández to third
Batting: RHB Howard Fewell 0-0: Called Strike
0-1: Foul Ball, location: 2F
0-2: Strikes out swinging
Top of the 3rd over - 0 run(s), 1 hit(s), 0 error(s), 1 left on base; Ottawa 1 - Virginia Beach 0
BOTTOM OF THE 3RD
Virginia Beach Deuces batting - Pitching for Ottawa Nationals : RHP António Fabián
Batting: RHB Robert Emmet Odlum 0-0: Ball
1-0: SINGLE (Flyball, 8RM)
Batting: SHB Luis Manuel Flores 0-0: Called Strike
0-1: Swinging Strike
0-2: Ball
1-2: Fly out, F8 (Flyball, 8LM)
Batting: RHB José Ramírez 0-0: Ball
1-0: Called Strike
1-1: Called Strike
1-2: Foul Ball, location: 2F
1-2: Ball
2-2: Strikes out looking
Pitching: LHP Preston Connely
Batting: SHB Javier Gonzáles 0-0: Ball
Wild Pitch!
Robert Emmet Odlum to second
1-0: Hit by Pitch
Pinch Runner at 1st Esteban Márquez:
Batting: RHB Lorenzo Ramírez 0-0: Fly out, F7 (Flyball, 7LMF)
Bottom of the 3rd over - 0 run(s), 1 hit(s), 0 error(s), 2 left on base; Ottawa 1 - Virginia Beach 0
TOP OF THE 4TH
Ottawa Nationals batting - Pitching for Virginia Beach Deuces : RHP Carlos Garza
Now in CF: Esteban Márquez
Batting: RHB Jesús Soto 0-0: Swinging Strike
0-1: Ball
1-1: Foul Ball, location: 2F
1-2: Foul Ball, location: 2F
1-2: Foul Ball, location: 2F
1-2: SOLO HOME RUN (Flyball, 8RXD), Distance : 437 ft
Batting: RHB EP Weston 0-0: Ball
1-0: Foul Ball, location: 2F
1-1: Fly out, F6 (Popup, 6)
Batting: RHB Dan Holliday 0-0: SINGLE (Groundball, 3S)
Batting: RHB Paddy Hodnett 0-0: Grounds into double play, 5-4-3 (Groundball, 56)
Top of the 4th over - 1 run(s), 2 hit(s), 0 error(s), 0 left on base; Ottawa 2 - Virginia Beach 0
BOTTOM OF THE 4TH
Virginia Beach Deuces batting - Pitching for Ottawa Nationals : LHP Preston Connely
Batting: RHB Luis Jelarde 0-0: Ball
1-0: Ball
2-0: Called Strike
2-1: Swinging Strike
2-2: Foul Ball, location: 2F
2-2: Ball
3-2: Foul Ball, location: 2F
3-2: Base on Balls
Batting: LHB Curt Wilson 0-0: Called Strike
0-1: Grounds into double play, 4-6-3 (Groundball, 34)
Batting: RHB Zander Bailey 0-0: Called Strike
0-1: Ground out 3-1 (Groundball, 34)
Bottom of the 4th over - 0 run(s), 0 hit(s), 0 error(s), 0 left on base; Ottawa 2 - Virginia Beach 0
TOP OF THE 5TH
Ottawa Nationals batting - Pitching for Virginia Beach Deuces : RHP Carlos Garza
Batting: RHB Felipe Gonzáles 0-0: Ball
1-0: Ball
2-0: Ball
3-0: Base on Balls
Batting: RHB Dan Curtis 0-0: Bunt missed!
0-1: Bunted foul
0-2: Ball
1-2: Fly out, F6 (Popup, 6MD)
Batting: LHB Javier Hernández 0-0: Foul Ball, location: 2F
0-1: Swinging Strike
0-2: Ball
1-2: Strikes out swinging
Batting: RHB Michael Peterson 0-0: Ball
1-0: Swinging Strike
1-1: Ball
2-1: Ball
3-1: Base on Balls
Felipe Gonzáles to second
Batting: RHB Howard Fewell 0-0: Called Strike
0-1: Ball
1-1: Fly out, F8 (Line Drive, 8RD)
Top of the 5th over - 0 run(s), 0 hit(s), 0 error(s), 2 left on base; Ottawa 2 - Virginia Beach 0
BOTTOM OF THE 5TH
Virginia Beach Deuces batting - Pitching for Ottawa Nationals : LHP Preston Connely
Batting: LHB Errol Levick 0-0: Ball
1-0: Ball
2-0: Ground out 1-3 (Groundball, 25)
Batting: RHB Robert Emmet Odlum 0-0: Called Strike
0-1: Fly out, F7 (Flyball, 78S)
Batting: SHB Luis Manuel Flores 0-0: Ball
1-0: Ball
2-0: Ball
3-0: Base on Balls
Batting: RHB José Ramírez 0-0: Ball
1-0: Foul Ball, location: 2F
1-1: Ball
2-1: Fly out, F9 (Flyball, 9M)
Bottom of the 5th over - 0 run(s), 0 hit(s), 0 error(s), 1 left on base; Ottawa 2 - Virginia Beach 0
TOP OF THE 6TH
Ottawa Nationals batting - Pitching for Virginia Beach Deuces : RHP Carlos Garza
Batting: RHB Jesús Soto 0-0: Ball
1-0: Ball
2-0: Foul Ball, location: 2F
2-1: Foul Ball, location: 2F
2-2: Fly out, F4 (Line Drive, 4MD)
Batting: RHB EP Weston 0-0: Called Strike
0-1: Foul Ball, location: 2F
0-2: Strikes out swinging
Batting: RHB Dan Holliday 0-0: Foul Ball, location: 2F
0-1: Ground out 4-3 (Groundball, 4M)
Top of the 6th over - 0 run(s), 0 hit(s), 0 error(s), 0 left on base; Ottawa 2 - Virginia Beach 0
BOTTOM OF THE 6TH
Virginia Beach Deuces batting - Pitching for Ottawa Nationals : LHP Preston Connely
Batting: SHB Esteban Márquez 0-0: Ball
1-0: Foul Ball, location: 2F
1-1: Called Strike
1-2: Ball
2-2: Strikes out looking
Batting: RHB Lorenzo Ramírez 0-0: Called Strike
0-1: Ground out 4-3 (Groundball, 4)
Batting: RHB Luis Jelarde 0-0: Ground out 6-3 (Groundball, 6)
Bottom of the 6th over - 0 run(s), 0 hit(s), 0 error(s), 0 left on base; Ottawa 2 - Virginia Beach 0
TOP OF THE 7TH
Ottawa Nationals batting - Pitching for Virginia Beach Deuces : RHP Carlos Garza
Batting: RHB Paddy Hodnett 0-0: SINGLE (Groundball, 56D)
Batting: RHB Felipe Gonzáles 0-0: Bunted foul
0-1: Sac Bunt - play at first, batter OUT! 1-4
Paddy Hodnett to second
Batting: RHB Dan Curtis 0-0: Called Strike
0-1: Foul Ball, location: 2F
0-2: Ball
1-2: Ground out 1-3 (Groundball, 25)
Batting: LHB Javier Hernández 0-0: Called Strike
0-1: Ball
1-1: Swinging Strike
1-2: Strikes out looking
Top of the 7th over - 0 run(s), 1 hit(s), 0 error(s), 1 left on base; Ottawa 2 - Virginia Beach 0
BOTTOM OF THE 7TH
Virginia Beach Deuces batting - Pitching for Ottawa Nationals : LHP Preston Connely
Batting: LHB Curt Wilson 0-0: Called Strike
0-1: Ball
1-1: Foul Ball, location: 2F
1-2: Strikes out swinging
Batting: RHB Zander Bailey 0-0: Ball
1-0: Swinging Strike
1-1: Ball
2-1: SINGLE (Line Drive, 78M)
Batting: LHB Errol Levick 0-0: Called Strike
0-1: Called Strike
0-2: Ball
1-2: Ball
Wild Pitch!
Zander Bailey to second
2-2: Ball
3-2: Base on Balls
Pinch Hitting: RHB Armando García 0-0: Fly out, F6 (Popup, 6)
Batting: SHB Luis Manuel Flores 0-0: Ground out 6-3 (Groundball, 6)
Bottom of the 7th over - 0 run(s), 1 hit(s), 0 error(s), 2 left on base; Ottawa 2 - Virginia Beach 0
TOP OF THE 8TH
Ottawa Nationals batting - Pitching for Virginia Beach Deuces : RHP Carlos Garza
Now at 2B: Armando García
Batting: RHB Michael Peterson 0-0: Ball
1-0: Called Strike
1-1: Ground out 6-3 (Groundball, 6)
Batting: RHB Howard Fewell 0-0: Ball
1-0: Ball
2-0: Ball
3-0: Base on Balls
Batting: RHB Jesús Soto 0-0: Ball
1-0: Swinging Strike
1-1: Foul Ball, location: 2F
1-2: Ball
2-2: Ball
3-2: Foul Ball, location: 2F
3-2: Base on Balls
Howard Fewell to second
Batting: RHB EP Weston 0-0: Ball
Howard Fewell steals 3rd base
Jesús Soto to second
1-0: Intentional Walk
Batting: RHB Dan Holliday 0-0: Foul Ball, location: 2F
0-1: Ball
1-1: Ball
2-1: Foul Ball, location: 2F
2-2: Grounds into fielders choice 1-2 (Groundball, 25)
Jesús Soto to third
EP Weston to second
Pitching: RHP Manuel Vázquez
Batting: RHB Paddy Hodnett 0-0: Ball
1-0: Fly out, F9 (Flyball, 9M)
Top of the 8th over - 0 run(s), 0 hit(s), 0 error(s), 3 left on base; Ottawa 2 - Virginia Beach 0
BOTTOM OF THE 8TH
Virginia Beach Deuces batting - Pitching for Ottawa Nationals : LHP Preston Connely
Batting: RHB José Ramírez 0-0: Ground out 4-3 (Groundball, 4)
Batting: SHB Esteban Márquez 0-0: Ball
1-0: Ground out 5-3 (Groundball, 5)
Batting: RHB Lorenzo Ramírez 0-0: Swinging Strike
0-1: Ground out 5-3 (Groundball, 5)
Bottom of the 8th over - 0 run(s), 0 hit(s), 0 error(s), 0 left on base; Ottawa 2 - Virginia Beach 0
TOP OF THE 9TH
Ottawa Nationals batting - Pitching for Virginia Beach Deuces : RHP Manuel Vázquez
Pitching: RHP Jim Unknown
Batting: RHB Felipe Gonzáles 0-0: Called Strike
0-1: Foul Ball, location: 2F
0-2: Ball
1-2: Ball
2-2: Strikes out swinging
Pitching: RHP Olegário Pa
Batting: RHB Dan Curtis 0-0: Ball
1-0: Ball
2-0: Foul Ball, location: 2F
2-1: SINGLE (Flyball, 8LS)
Batting: LHB Javier Hernández 0-0: Ground out 3-1 (Groundball, 34S)
Dan Curtis to second
Batting: RHB Michael Peterson 0-0: Ball
1-0: Swinging Strike
1-1: Swinging Strike
1-2: Strikes out swinging
Top of the 9th over - 0 run(s), 1 hit(s), 0 error(s), 1 left on base; Ottawa 2 - Virginia Beach 0
BOTTOM OF THE 9TH
Virginia Beach Deuces batting - Pitching for Ottawa Nationals : LHP Preston Connely
Pitching: RHP Rubén Villarreal
Batting: RHB Luis Jelarde 0-0: Ball
1-0: Ball
2-0: Called Strike
2-1: Ground out 2-3 (Groundball, 25)
Batting: LHB Curt Wilson 0-0: Ball
1-0: Ground out 4-3 (Groundball, 34)
Batting: RHB Zander Bailey 0-0: Called Strike
0-1: Ball
1-1: Ground out 6-3 (Groundball, 6)
Bottom of the 9th over - 0 run(s), 0 hit(s), 0 error(s), 0 left on base; Ottawa 2 - Virginia Beach 0
This league is powered by Out of the Park Baseball, the baseball management simulation game for PC, Mac and Linux
Monday, October 3rd, 2016 - OOTP Baseball 16.9 Build 39